 Dungeon Crawl Stone Soup version 0.28-a0-998-gb9e9c7b67e (webtiles) character file.

Game seed: 4494829142035933080

46 wotkd0121004 the Sneak (level 3, 0/31 HPs)
             Began as an Octopode Earth Elementalist on Dec 5, 2021.
             Slain by a jackal (1 damage)
             ... on level 2 of the Dungeon.
             The game lasted 00:02:15 (1502 turns).

wotkd0121004 the Sneak (OpEE)                       Turns: 1502, Time: 00:02:16

Health: 0/31       AC:  1    Str:  6 (7)  XL:     3   Next: 66%
Magic:  1/6        EV: 13    Int: 18 (19) God:
Gold:   30         SH:  0    Dex: 10 (12) Spells: 5/6 levels left

rFire   . . .      SeeInvis +   c - +0 dagger
rCold   . . .      Faith    .   (no shield)
rNeg    . . .      Spirit   .   (helmet restricted)
rPois   .          Reflect  .   (no amulet)
rElec   .          Harm     .   e - ring of see invisible
rCorr   .          Rampage  .   (no ring)
Will    .....                   (no ring)
Stlth   ..........              (no ring)
HPRegen 0.10/turn               (no ring)
MPRegen 0.10/turn               (no ring)
                                (no ring)
                                (no ring)

@: berserking, very quick
A: almost no armour, amphibious, 8 rings, camouflage 1, gelatinous body 1,
(nimble swimmer 1), tentacles
a: no special abilities


You were on level 2 of the Dungeon.
You visited 1 branch of the dungeon, and saw 2 of its levels.

You collected 30 gold pieces.

Inventory:

Hand Weapons
 c - a +0 dagger (weapon)
Missiles
 b - 62 stones
Jewellery
 e - a ring of see invisible (left tentacle)
Scrolls
 d - 2 scrolls of identify {unknown}
 h - a scroll of amnesia {unknown}
Potions
 g - a potion of attraction {unknown}


   Skills:
 + Level 2.3 Dodging
 * Level 4.0 Stealth
 + Level 2.3 Spellcasting
 + Level 1.4 Transmutations
 + Level 3.2 Earth Magic


You had 5 spell levels left.
You knew the following spells:

 Your Spells              Type           Power      Damage    Failure   Level
a - Sandblast             Erth           26%        2d8       4%          1

Your spell library contained the following spells:

 Spells                   Type           Power      Damage    Failure   Level
 Passwall                 Tmut/Erth      8%         N/A       10%         2
 Foxfire                  Conj/Fire      8%         2x1d4     19%         1
 Stone Arrow              Conj/Erth      14%        3d7       26%         3
 Conjure Flame            Conj/Fire      2%         6-21      47%         3
 Inner Flame              Hex/Fire       2%         N/A       47%         3
 Petrify                  Tmut/Erth      10%        N/A       54%         4
 Flame Wave               Conj/Fire      2%         2d4       87%         4


Dungeon Overview and Level Annotations

Branches:
Dungeon (2/15)

Altars:
Ashenzari


Innate Abilities, Weirdness & Mutations

You cannot wear most types of armour.
You are amphibious.
You can wear up to eight rings at the same time.
Your skin changes colour to match your surroundings (Stealth+).
Your rubbery body absorbs attacks. (AC +1, EV +1)
((You are camouflaged near water. (Stealth+)))
You have tentacles for arms and can constrict up to eight enemies at once.


Message History

Press: ? - help, Shift-Dir - straight line, f/p - jackal
Aim: a jackal (almost dead, 74% to hit)
The blast of sand misses the jackal.
The jackal closely misses you. The jackal bites you.
Unknown command.
You hit the jackal.
You kill the jackal!
The jackal closely misses you. The jackal barely misses you.
You hit the jackal but do no damage. You grab the jackal.
You constrict the jackal, but do no damage.
The jackal bites you.
* * * LOW HITPOINT WARNING * * *
The jackal barely misses you. The jackal bites you.
* * * LOW HITPOINT WARNING * * *
The jackal closely misses you.
It was a potion of degeneration.
There was something very wrong with that liquid.
You feel weakened.
You feel dopey.
You feel clumsy.
You constrict the jackal. The jackal bites you.
* * * LOW HITPOINT WARNING * * *
The jackal misses you. The jackal barely misses you.
You release your grip on the jackal.
The jackal misses you.
It was a potion of berserk rage.
A red film seems to cover your vision as you go berserk!
You feel yourself moving faster!
You feel mighty! The jackal closely misses you. x2
You completely miss the jackal. You grab the jackal. You constrict the jackal.
The jackal stops to sniff the ground.
The jackal bites you.
* * * LOW HITPOINT WARNING * * *
The jackal misses you. The jackal closely misses you.
You puncture the jackal!
You kill the jackal!
The jackal completely misses you. The jackal bites you.
* * * LOW HITPOINT WARNING * * *
You are too berserk!
You hit the jackal.
You kill the jackal!
The jackal bites you.
You die...

. ########## #.
##.....#...
#.###..........
#..............
#.........>.... ..
####......h†......
....
#........@.)......
#....
..................
#.....
..................
......
..................
......
...#...#.....#...
.....
##.>#..##########
.#
#..#............
.#
#..#............
.###
#....#..........#


You could see a jackal.

Vanquished Creatures
  2 dart slugs
  4 ball pythons (D:1)
  2 endoplasms (D:1)
  2 giant cockroaches (D:1)
  5 goblins
  2 hobgoblins
  5 jackals
  5 kobolds
  3 quokkas
  A bat (D:2)
  4 frilled lizards (D:1)
  6 rats
41 creatures vanquished.

Notes
Turn   | Place    | Note
-------+----------+-------------------------------------------
     0 | D:1      | wotkd0121004 the Octopode Earth Elementalist began the
                  | quest for the Orb.
     0 | D:1      | Reached XP level 1. HP: 11/11 MP: 3/3
    39 | D:1      | Reached skill level 3 in Stealth
   346 | D:1      | Reached XP level 2. HP: 17/17 MP: 5/5
   896 | D:1      | Found a faded altar of an unknown god.
   899 | D:1      | Reached XP level 3. HP: 21/21 MP: 4/6
  1383 | D:2      | Found a broken altar of Ashenzari.
  1493 | D:2      | Reached skill level 4 in Stealth
  1501 | D:2      | HP: 1/31 [jackal (2)]
  1502 | D:2      | Slain by a jackal

Illustrated notes

Levels and vault maps discovered:
D:1:      elethiomel_arrival_quiet, layout_basic,
          shapermc_ecumenical_altar_pompeii, minmay_misc_feat_encased,
          supply_closet_lemuel, minmay_tetromino_t4
D:2:      layout_rooms, basic_altar, wander_ebering_terrifying_dragon_lair

Skill      XL: |  1  2  3 |
---------------+----------+-----
Stealth        | 3 4 |  4.0
Dodging        | |  2.3
Spellcasting   | |  2.3
Transmutations | |  1.4
Earth Magic    | |  3.2

Action                   || total
-------------------------++-------
Melee: Unarmed           ||     5
       Constrict         ||    20
       Dagger            ||    62
       Tentacles         ||     7
 Cast: Sandblast         ||    19
  Use: Potion            ||     2
 Stab: Sleeping          ||     6
Dodge: Dodged            ||    48

Table legend: (Time is in decaauts)
 A = Elapsed time spent in this place.
 B = Non-inter-level travel time spent in this place.
 C = Inter-level travel time spent in this place.
 D = Time resting spent in this place.
 E = Time spent auto-exploring this place.
 F = Levels seen in this place.
 G = Mean time per level.
                   A        B        C        D        E       F      G
               +--------+--------+--------+--------+--------+-----+--------+
         Total |   1500 |   1483 |     17 |    484 |    768 |   2 |  750.0 |
       Dungeon |   1500 |   1483 |     17 |    484 |    768 |   2 |  750.0 |
               +--------+--------+--------+--------+--------+-----+--------+

Top non-repeatable levels by time:
     D:1: 1187 daAuts
     D:2: 313 daAuts
